Map: Magannatha LE

Players

Mixu

  • Race: Zerg Zerg
  • League: Master
  • Spawn Location: 11:00

LunaSea - Winner!

  • Race: Protoss Protoss
  • Spawn Location: 5:00

Event: HomeStory Cup XXVII

VOD

Have the link to the VOD?

Description

Time

  • Played on: June 27, 2025, 3:14 p.m.
  • Length: 7:46

All games in this series

Show
View Real Time Build Order
Export as new Build Order

Mixu Zerg 

Build Orders: Hatch First 

Get SALT Encoding   

  12  0:00  Drone  
  13  0:08  Drone  
  14  0:15  Drone, Extractor  
  15  0:21  Overlord  
  15  0:43  Drone  
  15  0:44  Drone  
  15  0:47  Drone  
  18  0:52  Hatchery  
  18  0:56  Drone  
  18  1:01  Extractor  
  17  1:12  Spawning Pool  
  17  1:13  Drone  
  17  1:17  Drone  
  18  1:27  Drone  
  19  1:37  Drone  
  20  1:52  Overlord  
  20  1:59  Queen  
  22  2:03  Metabolic Boost  
  22  2:06  Zergling x4  
  24  2:10  Drone  
  24  2:13  Queen  
  27  2:16  Zergling x2  
  27  2:21  Zergling x2  
  29  2:26  Drone  
  30  2:32  Drone  
  30  2:36  Drone  
  32  2:42  Hatchery  
  31  2:48  Drone  
  31  2:50  Overlord  
  32  2:55  Drone  
  32  2:57  Drone  
  34  3:04  Drone  
  35  3:08  Queen  
  35  3:10  Drone  
  38  3:14  Drone  
  38  3:15  Drone x2  
  41  3:22  Overlord  
  41  3:23  Drone  
  42  3:29  Drone x2  
  44  3:35  Overlord  
  44  3:36  Roach Warren  
  44  3:37  Drone  
  44  3:43  Drone x3  
  44  3:44  Extractor  
  44  3:46  Overlord  
  46  3:50  Drone  
  47  3:56  Drone  
  47  4:01  Overlord  
  48  4:05  Spore Crawler  
  47  4:11  Spore Crawler  
  47  4:14  Spore Crawler  
  45  4:20  Roach x3  
  45  4:21  Zergling x14  
  58  4:33  Zergling x10  
  63  4:39  Zergling x2  
  63  4:40  Ravager x2  
  63  4:43  Zergling x2, Ravager  
  68  4:48  Zergling x6  
  68  4:51  Overlord  
  73  4:57  Overlord  
  73  5:04  Lair  
  73  5:08  Overlord  
  73  5:11  Drone x5  
  73  5:12  Drone  
  77  5:14  Drone  
  77  5:20  Drone x3  
  80  5:32  Overlord  
  80  5:36  Roach x7  
  80  5:40  Overlord  
  94  5:46  Overlord  
  94  5:53  Roach  
  94  5:54  Overlord  
  96  6:00  Roach x4  
  96  6:02  Overlord  
  104  6:06  Roach  
  104  6:08  Zergling x8  
  110  6:11  Overlord  
  110  6:15  Roach  
  110  6:16  Zergling x12  
  118  6:20  Roach  
  119  6:32  Roach x4  
  121  6:42  Roach x2  
  121  6:44  Zergling x10  
  104  6:49  Roach x2  
  100  6:55  Roach  
  100  6:57  Roach  
  100  6:58  Zergling x8, Queen  
  106  7:05  Zergling x2  
  107  7:14  Zergling x2  
  107  7:15  Zergling x2  
  91  7:19  Roach x2  
  88  7:26  Zergling x4  
Show
View Real Time Build Order
Export as new Build Order

LunaSea Protoss - Winner!

Build Orders: 1 Gate Expand, Chargelot Immortal 

Get SALT Encoding   

  12  0:00  Probe  
  13  0:12  Probe  
  14  0:17  Pylon  
  14  0:24  Probe  
  15  0:32  Probe  
  15  0:40  Gateway, Probe  
  17  0:50  Assimilator  
  17  0:51  Probe  
  18  1:03  Probe  
  19  1:15  Probe  
  20  1:28  Nexus  
  20  1:38  Cybernetics Core  
  19  1:41  Probe  
  19  1:47  Assimilator  
  20  1:53  Probe  
  21  1:56  Pylon  
  21  2:04  Adept  
  21  2:05  Probe  
  24  2:17  Probe  
  24  2:21  Robotics Facility  
  25  2:25  Warp Gate  
  25  2:29  Probe  
  26  2:33  Stalker  
  28  2:39  Probe x2  
  30  2:47  Probe x2  
  32  2:54  Gateway  
  32  2:56  Probe  
  32  2:57  Probe  
  32  3:04  Warp Prism  
  34  3:08  Probe  
  36  3:17  Probe  
  38  3:20  Probe  
  38  3:25  Forge  
  39  3:32  Probe  
  39  3:33  Probe  
  41  3:34  Immortal  
  41  3:36  Pylon  
  45  3:50  Probe  
  46  3:56  Twilight Council  
  46  3:58  Protoss Ground Weapons Level 1  
  46  4:04  Probe  
  46  4:05  Probe  
  46  4:08  Immortal  
  52  4:17  Adept  
  52  4:24  Pylon  
  54  4:34  Charge  
  54  4:40  Immortal  
  54  4:43  Gateway  
  54  4:45  Gateway  
  54  4:49  Gateway  
  54  4:50  Gateway  
  58  4:56  Gateway  
  58  5:08  Gateway  
  58  5:10  Pylon x2  
  58  5:13  Pylon  
  58  5:16  Immortal  
  58  5:21  Stalker  
  58  5:26  Pylon  
  60  5:34  Zealot  
  66  5:39  Pylon  
  66  5:41  Sentry x2  
  70  5:52  Photon Cannon  
  70  5:53  Zealot x4  
  70  5:55  Sentry  
  80  6:03  Zealot  
  82  6:06  Pylon, Zealot  
  82  6:10  Zealot  
  86  6:22  Sentry, Zealot x3  
  86  6:23  Zealot  
  96  6:37  Zealot x3  
  100  6:43  Zealot x3  
  100  6:47  Zealot  
  86  6:55  Zealot  
  86  7:07  Sentry x3, Zealot x3  
  86  7:08  Zealot  
  86  7:26  Zealot  
  86  7:28  Zealot x4  
  88  7:30  Zealot  
Tags
 
Add a new tag
Caveats
  • Supply blocks, unpowered buildings, or Contaminate may cause inaccurate times.
  • Supply counts are checked every 10 seconds.